 Dungeon Crawl Stone Soup version 0.28-a0-1206-g193881aaa2 (webtiles) character file.

Game seed: 5224628372832966234

67 Zonian the Charlatan (level 4, -10/57 HPs)
             Began as a Gnoll Wanderer on Dec 21, 2021.
             Was an Initiate of Gozag.
             Mangled by Sigmund (11 damage)
             ... on level 3 of the Dungeon.
             The game lasted 00:03:21 (3099 turns).

Zonian the Charlatan (Gnoll Wanderer)               Turns: 3099, Time: 00:03:22

Health: -10/57     AC: 22    Str: 15    XL:     4   Next: 16%
Magic:  6/6        EV:  2    Int: 10    God:    Gozag
Gold:   174        SH:  0    Dex: 17    Spells: 5/5 levels left

rFire   . . .      SeeInvis .   g - +0 dagger (venom)
rCold   . . .      Faith    .   (no shield)
rNeg    . . .      Spirit   .   (armour currently unavailable)
rPois   +          Reflect  .   (helmet currently unavailable)
rElec   .          Harm     .   (cloak currently unavailable)
rCorr   .          Rampage  .   (gloves currently unavailable)
Will    .....      NoTele   +   (boots currently unavailable)
Stlth   ++........              (no amulet)
HPRegen 0.19/turn               j - +6 ring of strength
MPRegen 0.10/turn               (no ring)

@: tree-form, attractive
A: stationary, stasis, torment immunity, boosted hp, (fangs 1), strong nose,
distributed training
a: Renounce Religion, Potion Petition, Call Merchant, Bribe Branch


You were on level 3 of the Dungeon.
You worshipped Gozag.
Gozag was aware of your devotion.
You were a tree.
You visited 1 branch of the dungeon, and saw 3 of its levels.

You collected 174 gold pieces.

Inventory:

Hand Weapons
 a - a +2 short sword
 g - a +0 dagger of venom (weapon)
Missiles
 l - 14 poisoned darts
Armour
 d - a +0 robe (melded)
Jewellery
 j - a +6 ring of strength (left branch)
Wands
 c - a wand of flame (4) (quivered)
Scrolls
 b - 2 scrolls of fog
 e - a scroll of holy word {unknown}
 k - a scroll of amnesia {unknown}
 n - 2 scrolls of teleportation {unknown}
Potions
 h - a potion of attraction
 i - a potion of degeneration {unknown}
 m - a potion of cancellation {unknown}


   Skills:
 + Level 4.6 Fighting
 + Level 6.6 Short Blades
 + Level 1.0 Long Blades
 + Level 1.0 Axes
 + Level 1.0 Maces & Flails
 + Level 1.0 Polearms
 + Level 1.0 Staves
 + Level 1.0 Slings
 + Level 1.0 Bows
 + Level 1.0 Crossbows
 + Level 1.0 Throwing
 + Level 1.0 Armour
 + Level 1.0 Dodging
 + Level 2.5 Stealth
 + Level 1.0 Shields
 + Level 1.0 Unarmed Combat
 + Level 1.0 Spellcasting
 + Level 0.8 Conjurations
 + Level 0.8 Hexes
 + Level 0.8 Summonings
 + Level 0.8 Necromancy
 + Level 0.8 Translocations
 + Level 0.8 Transmutations
 + Level 0.8 Fire Magic
 + Level 0.8 Ice Magic
 + Level 0.8 Air Magic
 + Level 0.8 Earth Magic
 + Level 0.8 Poison Magic
 + Level 2.8 Invocations
 + Level 6.6 Evocations


You had 5 spell levels left.
You didn't know any spells.
Your spell library was empty.

Dungeon Overview and Level Annotations

Branches:
Dungeon (3/15)

Altars:
Gozag

Annotations:
D:3 Sigmund


Innate Abilities, Weirdness & Mutations

You are a tree.
Your roots penetrate the ground, keeping you stationary.
You cannot be teleported.
You are immune to unholy pain and torment.
Your maximum health is greatly increased.
Your equipment is partially melded.
((You have very sharp teeth.))
Your uncanny sense of smell can sniff out nearby items.
Your experience applies equally to all skills.


Message History

Unknown command.
There is a stone staircase leading up here.
The rat closely misses you.
You hit the rat.
You kill the rat!
No target in view!
No target in view!
You now have 174 gold pieces (gained 6).
n - 2 scrolls labelled FUWIUT ONOE (gained 1) Sigmund the Dreaded comes into view.
He is wielding a +1 scythe of flaming.
Sigmund is nearby!
Unknown command.
Throw: 15 darts (poison)
Press: ? - help, Q - select action, (/) - cycle Shift-Dir - straight line, f - Sigmund
Aim: Sigmund, wielding a +1 scythe of flaming and wearing a +0 robe (58% to hit)
You throw a poisoned dart. The poisoned dart hits Sigmund.
Sigmund is poisoned.
Sigmund gestures wildly while chanting.
Sigmund flickers and vanishes!
Deactivating autopickup; reactivate with Ctrl-A.
Your +0 dagger of venom begins to drip with poison!
g - a +0 dagger of venom (weapon)
Something hits you! Something burns you.
Unknown command.
You miss something. Something hits you!
* * * LOW HITPOINT WARNING * * *
Something burns you.
* * * LOW HITPOINT WARNING * * *
You closely miss something. You miss something. Something hits you.
* * * LOW HITPOINT WARNING * * *
Something burns you.
* * * LOW HITPOINT WARNING * * *
Unknown command.
It was a potion of attraction.
You feel attractive to monsters.
It was a potion of lignification.
You turn into a tree.
Your +0 robe melds into your body.
Your roots penetrate the ground.
Something hits you!
You die...
Your body crumbles into a pile of gold.

##.##
#.#.###.#
#.#
#.#..##.#
#.#
#.##.##.#
#+#
#.......#
####.####
## #.#
##.##.#
####...#.#
+.....{♣.#
####...#.#
##.#..# ##
.## #. #.
#.


There were no monsters in sight!

Vanquished Creatures
  Robin (D:2)
  A dart slug (D:2)
  5 orcs (D:2)
  3 bats (D:2)
  4 endoplasms
  2 giant cockroaches (D:2)
  9 goblins
  8 hobgoblins
  2 frilled lizards (D:2)
  4 kobolds
  3 rats
42 creatures vanquished.

Notes
Turn   | Place    | Note
-------+----------+-------------------------------------------
     0 | D:1      | Zonian the Gnoll Wanderer began the quest for the Orb.
     0 | D:1      | Zonian set off with the following items: a +2 short sword,
                  | a scroll of fog, a wand of flame (6), a +0 robe
     0 | D:1      | Reached XP level 1. HP: 20/20 MP: 2/2
  1007 | D:2      | Reached XP level 2. HP: 17/26 MP: 3/3
  1915 | D:2      | Reached XP level 3. HP: 27/31 MP: 4/4
  2040 | D:2      | Found a faded altar of an unknown god.
  2047 | D:2      | Prayed at the altar of an unknown god.
  2047 | D:2      | Became a worshipper of Gozag Ym Sagoz the Greedy
  2253 | D:2      | Noticed Robin
  2258 | D:2      | Killed Robin
  2689 | D:2      | Reached skill level 1 in Long Blades
  2689 | D:2      | Reached skill level 1 in Axes
  2689 | D:2      | Reached skill level 1 in Maces & Flails
  2689 | D:2      | Reached skill level 1 in Polearms
  2689 | D:2      | Reached skill level 1 in Staves
  2689 | D:2      | Reached skill level 1 in Slings
  2689 | D:2      | Reached skill level 1 in Bows
  2689 | D:2      | Reached skill level 1 in Crossbows
  2689 | D:2      | Reached skill level 1 in Throwing
  2689 | D:2      | Reached skill level 1 in Armour
  2689 | D:2      | Reached skill level 1 in Dodging
  2689 | D:2      | Reached skill level 1 in Shields
  2689 | D:2      | Reached skill level 1 in Unarmed Combat
  2689 | D:2      | Reached skill level 1 in Spellcasting
  2833 | D:2      | Reached XP level 4. HP: 38/38 MP: 6/6
  3091 | D:3      | Noticed Sigmund
  3097 | D:3      | HP: 1/38 [something (2)]
  3099 | D:3      | Mangled by Sigmund

Illustrated notes

Levels and vault maps discovered:
D:1:      minmay_arrival_shattered_statue, layout_basic
D:2:      minmay_diamond_boxcup, layout_basic, ebering_ecumenical_altar_hall,
          hex_intersection, chequers_serial_rivers_small_a, uniq_robin
D:3:      layout_loops_corners, grunt_ministairs_15, uniq_sigmund, uniq_grinder

Skill      XL: |  1  2  3 |
---------------+----------+-----
Long Blades    | 1 |  1.0
Axes           | 1 |  1.0
Maces & Flails | 1 |  1.0
Polearms       | 1 |  1.0
Staves         | 1 |  1.0
Slings         | 1 |  1.0
Bows           | 1 |  1.0
Crossbows      | 1 |  1.0
Throwing       | 1 |  1.0
Armour         | 1 |  1.0
Dodging        | 1 |  1.0
Shields        | 1 |  1.0
Unarmed Combat | 1 |  1.0
Spellcasting   | 1 |  1.0
Fighting       | |  4.6
Short Blades   | |  6.6
Stealth        | |  2.5
Conjurations   | |  0.8
Hexes          | |  0.8
Summonings     | |  0.8
Necromancy     | |  0.8
Translocations | |  0.8
Transmutations | |  0.8
Fire Magic     | |  0.8
Ice Magic      | |  0.8
Air Magic      | |  0.8
Earth Magic    | |  0.8
Poison Magic   | |  0.8
Invocations    | |  2.8
Evocations     | |  6.6

Action                   |  1- 3 |  4- 6 || total
-------------------------+-------+-------++-------
Melee: Short sword       |    68 |    14 ||    82
       Bite              |     6 |       ||     6
       Dagger            |       |     3 ||     3
Throw: Dart              |       |     1 ||     1
Evoke: Wand              |     2 |       ||     2
  Use: Scroll            |     1 |       ||     1
       Potion            |       |     2 ||     2
 Stab: Sleeping          |     5 |     1 ||     6
Armor: Robe              |     8 |     1 ||     9
Dodge: Dodged            |    26 |     7 ||    33

Table legend: (Time is in decaauts)
 A = Elapsed time spent in this place.
 B = Non-inter-level travel time spent in this place.
 C = Inter-level travel time spent in this place.
 D = Time resting spent in this place.
 E = Time spent auto-exploring this place.
 F = Levels seen in this place.
 G = Mean time per level.
                   A        B        C        D        E       F      G
               +--------+--------+--------+--------+--------+-----+--------+
         Total |   3087 |   2982 |    105 |   1243 |   1434 |   3 | 1029.0 |
       Dungeon |   3087 |   2982 |    105 |   1243 |   1434 |   3 | 1029.0 |
               +--------+--------+--------+--------+--------+-----+--------+

Top non-repeatable levels by time:
     D:1: 1756 daAuts
     D:2: 1266 daAuts
     D:3: 63 daAuts
